 Dungeon Crawl Stone Soup version 0.23.0-3-gf3c87f2 (webtiles) character file.

Game seed: 6451804336471240216

3672 Lavandula the Grappler (level 9, -4/80 HPs)
             Began as a Troll Wanderer on Feb 24, 2019.
             Killed by the air
             ... invoked by Gastronok
              (39 damage)
             ... on level 8 of the Dungeon.
             The game lasted 00:11:13 (5630 turns).

Lavandula the Grappler (Troll Wanderer)             Turns: 5630, Time: 00:11:13

Health: -4/80      AC:  6    Str: 23    XL:     9   Next: 89%
Magic:  8/8        EV:  8    Int: 10    God:
Gold:   446        SH: 10    Dex:  9    Spells: 0/8 levels left

rFire    . . .     SeeInvis .     - Unarmed
rCold    . . .     Gourm    +   a - +0 shield
rNeg     + . .     Faith    .   d - +0 robe
rPois    +         Spirit   .   (helmet restricted)
rElec    .         Reflect  .   (no cloak)
rCorr    .         Harm     .   (gloves unavailable)
MR       .....                  (boots unavailable)
Stlth    +.........             (no amulet)
HPRegen  0.63/turn              r - ring of poison resistance
MPRegen  0.11/turn              M - ring of positive energy

@: no status effects
A: large, unfitting armour, claws 3, fast metabolism 3, gourmand, regeneration
1, shaggy fur 1, tough skin 3
a: no special abilities


You were on level 8 of the Dungeon.
You were not hungry.

You visited 1 branch of the dungeon, and saw 8 of its levels.
You also visited: Sewer.

You collected 446 gold pieces.

Inventory:

Hand Weapons
 t - a +0 blowgun
Missiles
 h - 8 tomahawks
 l - 3 javelins (quivered)
 p - a throwing net
 u - 25 poisoned needles
 w - 8 curare-tipped needles
Armour
 a - a +0 shield (worn)
 d - a +0 robe (worn)
Jewellery
 r - a ring of poison resistance (left claw)
 y - an uncursed ring of fire
 A - an uncursed ring of wizardry
 C - an uncursed ring of fire
 J - an uncursed ring of fire
 L - a cursed ring of teleportation {unknown}
 M - a ring of positive energy (right claw)
Wands
 m - a wand of enslavement (11)
 x - a wand of acid (12)
 D - a wand of flame (19)
Scrolls
 b - a scroll of noise {unknown}
 e - 9 scrolls of identify {unknown}
 i - 5 scrolls of amnesia {unknown}
 j - 3 scrolls of enchant armour {unknown}
 o - a scroll of remove curse {unknown}
 q - a scroll of magic mapping {unknown}
 B - a scroll of immolation {unknown}
 F - 6 scrolls of teleportation {unknown}
 I - a scroll of enchant weapon {unknown}
 K - 4 scrolls of fear {unknown}
Potions
 c - 2 potions of lignification
 g - 2 potions of mutation {unknown}
 k - a potion of berserk rage {unknown}
 n - 3 potions of curing {unknown}
 s - a potion of ambrosia {unknown}
 v - 4 potions of brilliance {unknown}
 z - 2 potions of heal wounds {unknown}
 E - a potion of invisibility {unknown}
 G - a potion of haste {unknown}
 H - 2 potions of might
 N - 2 potions of cancellation {unknown}
Comestibles
 f - 17 rations


   Skills:
 - Level 2.4 Fighting
   Level 2.6 Maces & Flails
   Level 1.2 Crossbows
 + Level 8.0 Shields
 - Level 10.6 Unarmed Combat


You couldn't memorise any spells.
You knew the following spells:

 Your Spells              Type           Power        Failure   Level  Hunger
a - Blade Hands           Tmut           #.........   100%        5    ######.
b - Regeneration          Chrm/Necr      #.........   80%         3    ####...

Your spell library contained the following spells:

 Spells                   Type           Power        Failure   Level  Hunger
 Animate Skeleton         Necr           N/A          41%         1    ##.....
 Beastly Appendage        Tmut           #.....       41%         1    ##.....
 Pain                     Necr           #...         41%         1    ##.....
 Sticks to Snakes         Tmut           #.......     56%         2    ###....
 Spider Form              Tmut/Pois      #.........   80%         3    ####...
 Vampiric Draining        Necr           #.........   80%         3    ####...
 Animate Dead             Necr           N/A          99%         4    #####..
 Ice Form                 Ice/Tmut       #.......     99%         4    #####..


Dungeon Overview and Level Annotations

Branches:
Dungeon (8/15)             Temple (0/1) D:6
   Lair: D:8-11

Altars:
Dithmenos
Fedhas
Makhleb
Sif Muna
Uskayaw
Wu Jian
Xom
Yredelemnul
Zin
The Shining One

Annotations:
D:3 1 runed translucent door, stickyfingers's ghost, weakling HuEn
D:8 Gastronok


Innate Abilities, Weirdness & Mutations

You are too large for most types of armour.
You have claws for hands.
Your metabolism is lightning-fast.
You like to eat raw meat.
Your natural rate of healing is unusually fast.
You are covered in fur. (AC +1)
You have extremely tough skin. (AC +3)


Message History

You claw Gastronok!
Gastronok is severely wounded.
You scratch Gastronok.
Gastronok is severely wounded.
You claw Gastronok!
Gastronok is severely wounded.
Gastronok is no longer covered in acid.
Gastronok glows a brilliant shade of cerise.
You claw Gastronok!
Gastronok is severely wounded.
Evoke which item? (* to show all) (? for menu, Esc to quit)
Aiming: Corrosive Bolt
Press: ? - help, Shift-Dir - straight line, f/p - Gastronok
Aim: Gastronok, wearing a +2 hat (severely wounded)
The bolt of acid hits Gastronok!
Gastronok is splashed with acid.
The acid corrodes Gastronok!
Gastronok is almost dead.
Gastronok waves his eye-stalks in wide circles.
The air twists around and strikes you!
You die...

#.................#
#..........#......###
##......##.#........#
##.....###...........#
#....................#
#..................#.###
..........#........#...##
.........######....##...#.
............##..@####.....
...............w####......
........#.###.....y.......
...##....## ##.###........
........## ##.###.##.....
.........####(.##...# .y.#
........##..........# ##.
....
.................##.........
#... .....###(...# ...####..
#...


You could see Gastronok.

Vanquished Creatures
  Pikel (D:6)
  Joseph (D:7)
  Grinder (D:6)
  3 hippogriffs
  Duvessa (D:7)
  A slave (D:6)
  A phantom (D:7)
  7 ogres
  3 centaurs
  2 big kobolds (Sewer)
  Dowan (D:7)
  A scorpion (D:4)
  3 killer bees
  5 howler monkeys
  3 hounds
  An orc wizard (D:5)
  3 iguanas
  A centaur skeleton (D:5)
  A worker ant (D:5)
  7 gnolls
  13 adders
  2 river rats (Sewer)
  A shadow imp (D:8)
  4 oozes
  3 adder skeletons
  2 adder zombies
  6 worms
  2 dart slugs (D:1)
  7 leopard geckos
  10 orcs
  6 bats
  6 giant cockroaches
  9 goblins
  5 hobgoblins (D:1)
  4 jackals (D:2)
  3 quokkas
  5 ball pythons
  5 frilled lizards
  7 kobolds
  A quokka zombie (D:5)
  15 rats
163 creatures vanquished.

Notes
Turn   | Place    | Note
-------+----------+-------------------------------------------
     0 | D:1      | Lavandula the Troll Wanderer began the quest for the Orb.
     0 | D:1      | Lavandula set off with the following items: a +0 shield, a
                  | +0 mace, a potion of lignification, a +0 robe, 2 rations
     0 | D:1      | Reached XP level 1. HP: 22/22 MP: 0/0
    66 | D:1      | Reached skill level 1 in Unarmed Combat
    71 | D:1      | Reached XP level 2. HP: 28/29 MP: 1/1
   131 | D:1      | Reached skill level 2 in Unarmed Combat
   260 | D:1      | Reached XP level 3. HP: 35/36 MP: 2/2
   485 | D:1      | Reached skill level 3 in Unarmed Combat
   771 | D:2      | Noticed an ogre
   833 | D:2      | Killed an ogre
   833 | D:2      | Reached skill level 4 in Unarmed Combat
   833 | D:2      | Reached XP level 4. HP: 38/44 MP: 3/3
   833 | D:2      | Reached XP level 5. HP: 43/50 MP: 4/4
   989 | D:2      | Found a glowing golden altar of the Shining One.
  1092 | D:2      | Reached skill level 5 in Unarmed Combat
  1281 | D:2      | Found an ornate altar of the Wu Jian Council.
  1310 | D:2      | Found a blossoming altar of Fedhas.
  1905 | D:3      | Found a runed translucent door.
  1923 | D:3      | Noticed stickyfingers's ghost (weakling HuEn)
  2134 | D:4      | Found a glowing silver altar of Zin.
  2163 | D:4      | Noticed an ogre
  2167 | D:4      | Killed an ogre
  2167 | D:4      | Reached XP level 6. HP: 38/59 MP: 5/5
  2396 | D:4      | Reached skill level 6 in Unarmed Combat
  2433 | D:4      | Reached skill level 7 in Unarmed Combat
  2433 | D:4      | Reached XP level 7. HP: 46/66 MP: 6/6
  2868 | D:5      | Entered Level 5 of the Dungeon
  3187 | D:5      | Found a glowing drain.
  3289 | Sewer    | Entered a sewer
  3669 | D:5      | Learned a level 5 spell: Blade Hands
  3737 | D:5      | Reached XP level 8. HP: 63/74 MP: 7/7
  3784 | D:5      | Reached skill level 8 in Unarmed Combat
  4032 | D:5      | Found a basalt altar of Yredelemnul.
  4033 | D:5      | Found a hide-covered altar of Uskayaw.
  4128 | D:6      | Noticed a hippogriff
  4140 | D:6      | Killed a hippogriff
  4140 | D:6      | Reached skill level 9 in Unarmed Combat
  4218 | D:6      | Found a staircase to the Ecumenical Temple.
  4332 | D:6      | Found a shadowy altar of Dithmenos.
  4410 | D:6      | Noticed Pikel
  4411 | D:6      | Found a deep blue altar of Sif Muna.
  4441 | D:6      | Killed Pikel
  4441 | D:6      | Reached skill level 10 in Unarmed Combat
  4488 | D:6      | Noticed Grinder
  4493 | D:6      | Killed Grinder
  4493 | D:6      | Reached XP level 9. HP: 80/80 MP: 8/8
  4514 | D:6      | Found a burning altar of Makhleb.
  4514 | D:6      | Noticed a cacodemon
  4629 | D:6      | Learned a level 3 spell: Regeneration
  4725 | D:7      | Noticed Dowan
  4726 | D:7      | Noticed Duvessa
  4742 | D:7      | Killed Duvessa
  4742 | D:7      | Reached skill level 5 in Shields
  4744 | D:7      | Killed Dowan
  4819 | D:7      | Noticed Joseph
  4857 | D:7      | Killed Joseph
  5030 | D:7      | Found a shimmering altar of Xom.
  5582 | D:8      | Noticed Gastronok
  5630 | D:8      | Killed from afar by Gastronok

Skill      XL: |  1  2  3  4  5  6  7  8  9 |
---------------+----------------------------+-----
Unarmed Combat | 1 2 4 5 7 10 | 10.6
Shields        | 2 4 8 |  8.0
Fighting       | |  2.4
Maces & Flails | |  2.6
Crossbows      | |  1.2

Action                   |  1- 3 |  4- 6 |  7- 9 || total
-------------------------+-------+-------+-------++-------
Melee: Unarmed           |    96 |   119 |   283 ||   498
Throw: Tomahawk          |     1 |       |       ||     1
       Javelin           |       |     3 |     4 ||     7
Evoke: Wand              |       |       |     7 ||     7
 Stab: Sleeping          |       |       |     1 ||     1
  Eat: Chunk             |    12 |     8 |    33 ||    53
Armor: Robe              |    39 |    35 |    62 ||   136
Dodge: Dodged            |    18 |    29 |    68 ||   115
Block: Shield            |    33 |    31 |   118 ||   182
